 Dungeon Crawl Stone Soup version 0.27.0-1-g7a089689b8 (webtiles) character file.

Game seed: 7564262949076900982

1397 theswoord the Cruncher (level 8, -1/58 HPs)
             Began as a Demonspawn Gladiator on Aug 6, 2021.
             Was a Follower of Wu Jian.
             Slain by Pikel (16 damage)
             ... on level 6 of the Dungeon.
             The game lasted 00:08:50 (6768 turns).

theswoord the Cruncher (Demonspawn Gladiator)       Turns: 6768, Time: 00:08:51

Health: -1/58      AC: 11    Str: 17    XL:     8   Next: 41%
Magic:  8/8        EV: 10    Int:  9    God:    Wu Jian [*.....]
Gold:   291        SH:  0    Dex: 15    Spells: 7/7 levels left

rFire    . . .     SeeInvis .   a - +1 quarterstaff
rCold    . . .     Faith    .   (shield currently unavailable)
rNeg     . . .     Spirit   .   i - +0 scale mail
rPois    .         Reflect  .   g - +1 hat
rElec    .         Harm     .   e - +0 cloak
rCorr    .         Rampage  .   j - +0 pair of gloves
Will     .....                  (no boots)
Stlth    ..........             o - amulet of magic regeneration
HPRegen  0.19/turn              (no ring)
MPRegen  0.36/turn              (no ring)

@: mighty
A: horns 1, rugged brown scales 2, foul stench 1, powered by pain 1
a: Renounce Religion


You were on level 6 of the Dungeon.
You worshipped Wu Jian.
Wu Jian was aware of your devotion.
You visited 1 branch of the dungeon, and saw 6 of its levels.

You collected 291 gold pieces.

Inventory:

Hand Weapons
 a - a +1 quarterstaff (weapon)
Missiles
 d - 2 throwing nets (quivered)
Armour
 b - a +0 leather armour
 c - a +0 helmet
 e - a +0 cloak (worn)
 g - a +1 hat (worn)
 i - a +0 scale mail (worn)
 j - a +0 pair of gloves (worn)
 l - a +0 ring mail of cold resistance
 r - a +0 chain mail
 t - a +0 pair of boots
Jewellery
 o - an amulet of magic regeneration (around neck)
 u - a ring of resist corrosion
Scrolls
 m - a scroll of identify
 n - a scroll of teleportation
 q - a scroll of fear
 s - a scroll of immolation
 w - a scroll of enchant weapon
Potions
 f - a potion of curing
 h - a potion of cancellation
 k - a potion of might
 p - 3 potions of magic
 x - a potion of haste
 z - 2 potions of heal wounds


   Skills:
 - Level 2.0 Fighting
 + Level 9.9 Staves
 - Level 1.7 Throwing
 - Level 2.6 Dodging


You had 7 spell levels left.
You didn't know any spells.
Your spell library was empty.

Dungeon Overview and Level Annotations

Branches:
Dungeon (6/15)             Temple (0/1) D:5

Altars:
Ashenzari
Cheibriados
Elyvilon
Sif Muna
Wu Jian

Annotations:
D:6 Pikel


Innate Abilities, Weirdness & Mutations

You have a pair of small horns on your head.
You are mostly covered in rugged brown scales. (AC +2, +5% HP)
You may rarely emit foul miasma when damaged in melee.
You sometimes gain a little power by taking damage.


Message History

The black bear closely misses you.
The black bear claws you but does no damage. x2
You hit the black bear.
The black bear is almost dead.
The black bear bites you.
* * * LOW HITPOINT WARNING * * *
The black bear claws you but does no damage. x2
The black bear closely misses you. The black bear claws you.
* * * LOW HITPOINT WARNING * * *
The black bear claws you but does no damage.
You hit the black bear.
You kill the black bear!
The Council accepts your kill.
You thump Pikel!
Pikel is moderately wounded.
Pikel hits you with a +1 whip of electrocution!
* * * LOW HITPOINT WARNING * * *
You closely miss Pikel.
Pikel is moderately wounded.
Pikel closely misses you.
You closely miss Pikel.
Pikel is lightly wounded.
Pikel hits you but does no damage.
You closely miss Pikel.
Pikel is lightly wounded.
You hit Pikel but do no damage.
Pikel is lightly wounded.
Pikel hits you but does no damage.
You closely miss Pikel. Your headbutt misses Pikel.
Pikel is lightly wounded.
Pikel barely misses you.
You closely miss Pikel.
Pikel is lightly wounded.
Pikel barely misses you.
You hit Pikel. You headbutt Pikel.
Pikel is moderately wounded.
Pikel hits you with a +1 whip of electrocution.
* * * LOW HITPOINT WARNING * * *
You are electrocuted!
You die...

# #..........#........
#####..........#.........
........................
..###..........###...... . ..#
#..........# ####.# ###..
..###..........# #.####.... .
...............# ###.##...###..
...##..........#####......###....
...##...<.......@K5..............
.........).......##......######..
####.#..#####.##......####
.###..#.#####........###
......#................########
....#....##.#.......##.(......#
..#......#..#......####.......#
.........#.##....>.# #.......#
####.......##......# #.......#


You could see Pikel and a lemure.

Vanquished Creatures
  2 black bears
  2 ogres
  A necrophage (D:5)
  A phantom (D:6)
  A centaur (D:6)
  3 lemures (D:6)
  2 scorpions
  A water moccasin zombie (D:5)
  2 bullfrog zombies (D:6)
  A hound (D:5)
  2 centaur zombies
  2 jellies (D:5)
  3 iguanas
  Ijyb (D:3)
  2 orc wizards
  5 gnolls
  A howler monkey skeleton (D:6)
  7 adders
  A shadow imp (D:5)
  2 white imps (D:6)
  2 ufetubi
  An adder zombie (D:5)
  A worm (D:2)
  3 dart slugs
  16 orcs
  2 ball pythons (D:1)
  7 endoplasms
  9 goblins
  12 hobgoblins
  4 jackals (D:1)
  5 quokkas
  3 bats
  A frilled lizard (D:3)
  8 kobolds
  5 rats
121 creatures vanquished.

Notes
Turn   | Place    | Note
-------+----------+-------------------------------------------
     0 | D:1      | theswoord the Demonspawn Gladiator began the quest for the
                  | Orb.
     0 | D:1      | Reached XP level 1. HP: 16/16 MP: 1/1
    42 | D:1      | Reached skill level 3 in Staves
    42 | D:1      | Gained mutation: You may rarely emit foul miasma when
                  | damaged in melee. [demonic ancestry]
    42 | D:1      | Reached XP level 2. HP: 22/22 MP: 2/2
    72 | D:1      | Gained mutation: You sometimes gain a little power by
                  | taking damage. [demonic ancestry]
    72 | D:1      | Reached XP level 3. HP: 15/27 MP: 3/3
   489 | D:1      | Reached skill level 4 in Staves
  1208 | D:2      | Gained mutation: You have a pair of small horns on your
                  | head. [demonic ancestry]
  1208 | D:2      | Reached XP level 4. HP: 29/33 MP: 4/4
  1522 | D:2      | Reached skill level 5 in Staves
  2024 | D:3      | Gained mutation: You are partially covered in rugged brown
                  | scales. (AC +1, +3% HP) [demonic ancestry]
  2024 | D:3      | Reached XP level 5. HP: 16/39 MP: 5/5
  2398 | D:3      | Found a shimmering blue altar of Sif Muna.
  2499 | D:3      | Found an ornate altar of the Wu Jian Council.
  2536 | D:3      | Found a broken altar of Ashenzari.
  2538 | D:3      | Noticed Ijyb
  2590 | D:3      | Became a worshipper of the Wu Jian Council
  3149 | D:4      | Reached skill level 6 in Staves
  3436 | D:4      | Gained mutation: You are mostly covered in rugged brown
                  | scales. (AC +2, +5% HP) [demonic ancestry]
  3436 | D:4      | Reached XP level 6. HP: 39/46 MP: 6/6
  3653 | D:4      | You fall into a shaft and drop 1 floor!
  3653 | D:5      | Entered Level 5 of the Dungeon
  3668 | D:5      | Reached skill level 7 in Staves
  3825 | D:5      | Reached XP level 7. HP: 51/52 MP: 7/7
  4045 | D:4      | Reached * piety under Wu Jian
  4363 | D:3      | Killed Ijyb
  4408 | D:5      | Found a staircase to the Ecumenical Temple.
  4576 | D:5      | Reached skill level 8 in Staves
  6111 | D:6      | Reached skill level 9 in Staves
  6111 | D:6      | Reached XP level 8. HP: 43/58 MP: 8/8
  6586 | D:6      | Found a snail-covered altar of Cheibriados.
  6727 | D:6      | Noticed Pikel
  6768 | D:6      | Slain by Pikel

Skill      XL: |  1  2  3  4  5  6  7 |
---------------+----------------------+-----
Staves         | 3 4 5 6 7 9 |  9.9
Fighting       | |  2.0
Throwing       | |  1.7
Dodging        | |  2.6

Action                   |  1- 3 |  4- 6 |  7- 9 || total
-------------------------+-------+-------+-------++-------
Melee: Quarterstaff      |    97 |   152 |   198 ||   447
       Headbutt          |       |    34 |    47 ||    81
Throw: Throwing net      |       |     1 |       ||     1
Invok: Lunge             |       |     6 |     8 ||    14
       Whirlwind         |       |       |     1 ||     1
  Use: Potion            |     1 |       |     2 ||     3
       Scroll            |       |     6 |     7 ||    13
 Stab: Sleeping          |     1 |       |       ||     1
Armor: Leather armour    |    10 |       |       ||    10
       Scale mail        |    19 |    77 |    93 ||   189
Dodge: Dodged            |    52 |    87 |    88 ||   227

Levels and vault maps discovered:
D:1:      scummos_arrival_simple_fountains, layout_basic
D:2:      layout_rooms
D:3:      layout_rooms, mainiacjoe_overflow_alcove_2,
          nicolae_sif_muna_condensation, nicolae_overflow_hidden_temple,
          mainiacjoe_overflow_alcove_1, uniq_ijyb
D:4:      kennysheep_the_goblin_king, layout_loops_corners
D:5:      layout_basic, minmay_temple_entry_statues_pillars, serial_glass,
          glass_columns_c, glass_columns_b, glass_columns_a, glass_columns_b,
          glass_columns_c, glass_columns_a, glass_columns_b, glass_columns_c
D:6:      layout_rooms, kennysheep_slug_shrine,
          lemuel_mausoleum_altar_yredelemnul, uniq_pikel
